 Dungeon Crawl Stone Soup version 0.28-a0-925-gd5e1996cdb (webtiles) character file.

Game seed: 5744104010266189546

61 Ijustatesigmund the Charlatan (level 4, 0/51 HPs)
             Began as a Gnoll Artificer on Nov 26, 2021.
             Slain by an orc priest (6 damage)
             ... on level 3 of the Dungeon.
             The game lasted 00:03:37 (2926 turns).

Ijustatesigmund the Charlatan (Gnoll Artificer)     Turns: 2926, Time: 00:03:38

Health: 0/51       AC: 10    Str: 11    XL:     4   Next: 7%
Magic:  5/5        EV:  5    Int: 12    God:
Gold:   82         SH:  0    Dex: 12    Spells: 5/5 levels left

rFire   . . .      SeeInvis .   a - +1 whip (venom)
rCold   . . .      Faith    .   (no shield)
rNeg    . . .      Spirit   .   g - +0 chain mail
rPois   .          Reflect  .   f - +0 helmet
rElec   .          Harm     .   (no cloak)
rCorr   .          Rampage  .   (no gloves)
Will    .....                   (no boots)
Stlth   ..........              (no amulet)
HPRegen 0.17/turn               (no ring)
MPRegen 0.09/turn               (no ring)

@: berserking, very quick
A: fangs 1, strong nose, distributed training
a: no special abilities


You were on level 3 of the Dungeon.
You visited 1 branch of the dungeon, and saw 3 of its levels.

You collected 82 gold pieces.

Inventory:

Hand Weapons
 a - a +1 whip of venom (weapon)
Armour
 f - a +0 helmet (worn)
 g - a +0 chain mail (worn)
Wands
 c - a wand of flame (11) (quivered)
 d - a wand of charming (11)
Scrolls
 b - 2 scrolls of identify {unknown}
 i - a scroll of teleportation {unknown}
Miscellaneous
 e - a piece from Xom's chessboard (15/15)


   Skills:
 + Level 2.7 Fighting
 + Level 1.0 Short Blades
 + Level 1.0 Long Blades
 + Level 1.0 Axes
 + Level 1.0 Maces & Flails
 + Level 1.0 Polearms
 + Level 1.0 Staves
 + Level 1.0 Slings
 + Level 1.0 Bows
 + Level 1.0 Crossbows
 + Level 1.0 Throwing
 + Level 4.6 Armour
 + Level 2.7 Dodging
 + Level 2.5 Stealth
 + Level 1.0 Shields
 + Level 1.0 Unarmed Combat
 + Level 1.0 Spellcasting
 + Level 0.7 Conjurations
 + Level 0.7 Hexes
 + Level 0.7 Summonings
 + Level 0.7 Necromancy
 + Level 0.7 Translocations
 + Level 0.7 Transmutations
 + Level 0.7 Fire Magic
 + Level 0.7 Ice Magic
 + Level 0.7 Air Magic
 + Level 0.7 Earth Magic
 + Level 0.7 Poison Magic
 + Level 1.1 Invocations
 + Level 6.5 Evocations


You had 5 spell levels left.
You didn't know any spells.
Your spell library contained the following spells:

 Spells                   Type           Power      Damage    Failure   Level
 Sublimation of Blood     Necr           2%         N/A       100%        2
 Wereblood                Tmut           2%         N/A       100%        2
 Summon Hydra             Summ           1%         N/A       100%        7


Dungeon Overview and Level Annotations

Branches:
Dungeon (3/15)

Altars:
Wu Jian


Innate Abilities, Weirdness & Mutations

You have very sharp teeth.
Your uncanny sense of smell can sniff out nearby items.
Your experience applies equally to all skills.


Message History

There are monsters nearby!
Things that are here:
a +0 hand axe; 3 boomerangs; a +0 chain mail Your chain mail prevents you from hitting the orc priest.
You hit the orc but do no damage.
The orc is poisoned.
The orc hits you with a +0 dagger.
The orc priest hits you with a +0 morningstar.
You barely miss the orc. The orc hits you but does no damage.
The orc priest hits you with a +0 morningstar.
You barely miss the orc priest. The orc hits you but does no damage.
The orc priest hits you with a +0 morningstar.
You hit the orc priest.
The orc priest is poisoned.
You bite the orc priest, but do no damage.
The orc priest is lightly wounded.
The orc closely misses you.
The orc priest calls down the wrath of Beogh upon you.
Beogh smites you!
* * * LOW HITPOINT WARNING * * *
It was a potion of berserk rage.
A red film seems to cover your vision as you go berserk!
You feel yourself moving faster!
You feel mighty! The orc hits you with a +0 dagger.
* * * LOW HITPOINT WARNING * * *
The orc priest hits you with a +0 morningstar.
* * * LOW HITPOINT WARNING * * *
You are too berserk!
Unknown command.
You hit the orc priest.
The orc priest looks as sick as possible!
You bite the orc priest, but do no damage.
The orc priest is moderately wounded.
The orc completely misses you.
The orc priest hits you with a +0 morningstar.
* * * LOW HITPOINT WARNING * * *
You barely miss the orc priest.
The orc priest is heavily wounded.
The orc hits you with a +0 dagger.
* * * LOW HITPOINT WARNING * * *
The orc priest hits you with a +0 morningstar.
You die...

#...# ##.##
### #.# #
... #.# #.
#.#####.#
#.
#.......#
#.
###.#####
###.. #...#
......#@###
#.oo# #####


You could see an orc priest (extremely poisoned) and an orc (poisoned).

Vanquished Creatures
  2 adders (D:3)
  2 dart slugs
  An orc (D:3)
  6 ball pythons
  4 bats
  6 endoplasms
  3 goblins (D:1)
  3 hobgoblins
  A quokka (D:1)
  2 frilled lizards
  2 kobolds
  4 rats
36 creatures vanquished.

Vanquished Creatures (collateral kills)
  2 orcs (D:2)
  A goblin (D:3)
3 creatures vanquished.

Vanquished Creatures (others)
  A dart slug (D:3)
  4 toadstools (D:2)
5 creatures vanquished.

Grand Total: 44 creatures vanquished

Notes
Turn   | Place    | Note
-------+----------+-------------------------------------------
     0 | D:1      | Ijustatesigmund the Gnoll Artificer began the quest for the
                  | Orb.
     0 | D:1      | Reached XP level 1. HP: 17/17 MP: 1/1
   275 | D:1      | Reached XP level 2. HP: 23/23 MP: 2/2
   766 | D:1      | Reached XP level 3. HP: 27/28 MP: 3/3
   808 | D:1      | Found an ornate altar of the Wu Jian Council.
  1135 | D:3      | Reached skill level 1 in Invocations
  2052 | D:3      | Reached skill level 1 in Short Blades
  2052 | D:3      | Reached skill level 1 in Long Blades
  2052 | D:3      | Reached skill level 1 in Axes
  2052 | D:3      | Reached skill level 1 in Maces & Flails
  2052 | D:3      | Reached skill level 1 in Polearms
  2052 | D:3      | Reached skill level 1 in Staves
  2052 | D:3      | Reached skill level 1 in Slings
  2052 | D:3      | Reached skill level 1 in Bows
  2052 | D:3      | Reached skill level 1 in Crossbows
  2052 | D:3      | Reached skill level 1 in Throwing
  2052 | D:3      | Reached skill level 1 in Shields
  2052 | D:3      | Reached skill level 1 in Unarmed Combat
  2052 | D:3      | Reached skill level 1 in Spellcasting
  2714 | D:3      | Reached XP level 4. HP: 34/34 MP: 5/5
  2926 | D:3      | Slain by an orc priest

Illustrated notes

Levels and vault maps discovered:
D:1:      mrwooster_arrival_statue_3, layout_rooms, minmay_hexomino_r4
D:2:      layout_basic, chequers_serial_rivers_large_b, kennysheep_nondescript,
          minmay_gold_behind_fungi
D:3:      layout_loops_corners, trog_three_pillars_becter

Skill      XL: |  1  2  3 |
---------------+----------+-----
Invocations    | 1 |  1.1
Short Blades   | 1 |  1.0
Long Blades    | 1 |  1.0
Axes           | 1 |  1.0
Maces & Flails | 1 |  1.0
Polearms       | 1 |  1.0
Staves         | 1 |  1.0
Slings         | 1 |  1.0
Bows           | 1 |  1.0
Crossbows      | 1 |  1.0
Throwing       | 1 |  1.0
Shields        | 1 |  1.0
Unarmed Combat | 1 |  1.0
Spellcasting   | 1 |  1.0
Fighting       | |  2.7
Armour         | |  4.6
Dodging        | |  2.7
Stealth        | |  2.5
Conjurations   | |  0.7
Hexes          | |  0.7
Summonings     | |  0.7
Necromancy     | |  0.7
Translocations | |  0.7
Transmutations | |  0.7
Fire Magic     | |  0.7
Ice Magic      | |  0.7
Air Magic      | |  0.7
Earth Magic    | |  0.7
Poison Magic   | |  0.7
Evocations     | |  6.5

Action                   |  1- 3 |  4- 6 || total
-------------------------+-------+-------++-------
Melee: Club              |   159 |       ||   159
       Bite              |    14 |     3 ||    17
       Whip              |     5 |    16 ||    21
Evoke: Wand              |     8 |       ||     8
  Use: Potion            |       |     1 ||     1
Armor: Leather armour    |     2 |       ||     2
       Chain mail        |   163 |     9 ||   172
Dodge: Dodged            |    54 |     2 ||    56

Table legend: (Time is in decaauts)
 A = Elapsed time spent in this place.
 B = Non-inter-level travel time spent in this place.
 C = Inter-level travel time spent in this place.
 D = Time resting spent in this place.
 E = Time spent auto-exploring this place.
 F = Levels seen in this place.
 G = Mean time per level.
                   A        B        C        D        E       F      G
               +--------+--------+--------+--------+--------+-----+--------+
         Total |   2970 |   2934 |     36 |   1521 |    899 |   3 |  990.0 |
       Dungeon |   2970 |   2934 |     36 |   1521 |    899 |   3 |  990.0 |
               +--------+--------+--------+--------+--------+-----+--------+

Top non-repeatable levels by time:
     D:3: 1850 daAuts
     D:1: 901 daAuts
     D:2: 219 daAuts
